 Dungeon Crawl Stone Soup version 0.29-a0-551-gffc1d7fb78 (webtiles) character file.

Game seed: 2400224924340756271

53 xian the Slasher (level 3, 0/29 HPs)
             Began as a Demonspawn Chaos Knight on June 5, 2022.
             Was a Plaything of Xom.
             Slain by a gnoll
             ... wielding a +0 club
              (1 damage)
             ... on level 3 of the Dungeon.
             The game lasted 00:05:56 (2200 turns).

xian the Slasher (Demonspawn Chaos Knight)          Turns: 2200, Time: 00:05:57

Health: 0/29       AC:  6    Str: 14    XL:     3   Next: 64%
Magic:  0/3        EV: 11    Int: 13    God:    Xom [...*..]
Gold:   99         SH:  0    Dex: 12    Spells: 2/2 levels left

rFire   . . .      SeeInvis .   a - +0 falchion (chaos)
rCold   . . .      Faith    .   (no shield)
rNeg    . . .      Spirit   +   b - +3 leather armour
rPois   .          Reflect  .   (no helmet)
rElec   .          Harm     .   (no cloak)
rCorr   .          Rampage  .   (no gloves)
Will    .....                   (no boots)
Stlth   +.........              (no amulet)
HPRegen 0.09/turn               f - ring of wizardry
MPRegen 0.16/turn               (no ring)

@: no status effects
A: magic shield, magic regeneration
a: Renounce Religion


You were on level 3 of the Dungeon.
You worshipped Xom.
You were a favourite toy of Xom.
You visited 1 branch of the dungeon, and saw 3 of its levels.

You collected 129 gold pieces.
You spent 30 gold pieces at shops.

Inventory:

Hand Weapons
 a - a +0 falchion of chaos (weapon)
 g - a +1 dagger of venom
Armour
 b - a +3 leather armour (worn)
Jewellery
 f - a ring of wizardry (left hand)
Scrolls
 k - a scroll of fear
Potions
 d - a potion of might
 e - a potion of heal wounds
 h - a potion of mutation
 i - 2 potions of curing
 j - a potion of brilliance {unknown}
 l - a potion of ambrosia {unknown}
Miscellaneous
 c - a piece from Xom's chessboard (14/15) (quivered)


   Skills:
 + Level 3.4 Fighting
 + Level 3.7 Long Blades
 + Level 2.1 Armour
 + Level 1.0 Dodging


You had 2 spell levels left.
You didn't know any spells.
Your spell library contained the following spells:

 Spells                   Type           Power      Damage    Failure   Level
 Gell's Gravitas          Tloc           0%         N/A       41%         3
 Lesser Beckoning         Tloc           0%         N/A       41%         3
 Teleport Other           Tloc           0%         N/A       41%         3


Dungeon Overview and Level Annotations

Branches:
Dungeon (3/15)

Altars:

Shops:
D:1 !


Innate Abilities, Weirdness & Mutations

When hurt, damage is shared between your health and your magic reserves.
You regenerate magic rapidly.


Message History

Found a stone staircase leading up.
A goblin comes into view. It is wielding a +0 dagger.
Found 21 stones.
The goblin shouts!
You make a move on Xom's chessboard...
The goblin is moving more slowly.
You hit the goblin but do no damage. You hit the goblin.
Lightning courses through the goblin!
You kill the goblin!
Things that are here:
a +0 dagger; a goblin corpse You see here 21 stones.
There is a stone staircase leading up here.
There is a stone staircase leading up here.
As you open the door, it creaks loudly! 2 gnolls come into view.
You hear a shout! x2
A gnoll comes into view. It is wielding a +0 spear.
There is an open door here. "Hum-dee-hum-dee-hum..."
The gnoll evaporates and reforms as a hobgoblin!
The hobgoblin picks up a +0 spear.
The hobgoblin wields a +0 spear.
You hit the gnoll.
The gnoll seems to speed up.
Xom is highly amused!
The gnoll is moderately wounded.
The gnoll closely misses you. The gnoll hits you with a +0 flail!
The gnoll barely misses you.
You hit the gnoll.
The gnoll is moving more slowly.
The gnoll is moderately wounded.
The gnoll hits you with a +0 flail. The hobgoblin misses you.
The gnoll barely misses you. x2
You hit the gnoll but do no damage.
The gnoll is poisoned.
The gnoll is moderately wounded.
The gnoll hits you with a +0 flail!
* * * LOW HITPOINT WARNING * * *
The hobgoblin hits you from afar with a +0 spear!
* * * LOW HITPOINT WARNING * * *
You emit a cloud of colourful smoke!
The gnoll misses you. The gnoll attacks as you move away!
The gnoll hits you with a +0 club.
You die...

........##.....
...............
...........####
###.###.##.#
#.#.#..#.#
########
#.#....#.#
#......# #.#)#..#
#..§§# #.#.#..#
#g@####.#.#..#
#§g§......#..#
#g.######.#..#
#.........(.<..#
#...############.#
#.## ## #.....# #
... #.#####
########## ....
#..........
#<.......#+#....
#.........


You could see 2 gnolls and a hobgoblin.

Vanquished Creatures
  An adder (D:3)
  A dart slug (D:2)
  An endoplasm (D:1)
  2 giant cockroaches (D:1)
  6 goblins
  4 hobgoblins (D:1)
  3 jackals (D:1)
  4 quokkas
  3 ball pythons
  3 bats
  2 frilled lizards (D:1)
  4 kobolds
  4 rats (D:1)
38 creatures vanquished.

Notes
Turn   | Place    | Note
-------+----------+-------------------------------------------
     0 | D:1      | xian the Demonspawn Chaos Knight began the quest for the
                  | Orb.
     0 | D:1      | Reached XP level 1. HP: 18/18 MP: 1/1
   160 | D:1      | XOM: potion effect (haste)
   180 | D:1      | Gained mutation: You regenerate magic rapidly. [demonic
                  | ancestry]
   180 | D:1      | Reached XP level 2. HP: 11/24 MP: 2/2
   557 | D:1      | XOM: confuse monster(s)
   830 | D:1      | XOM: divination: detect creatures
   865 | D:1      | Found Mull's Distillery.
   869 | D:1      | Bought a potion of curing for 30 gold pieces
   979 | D:1      | Reached skill level 1 in Dodging
   979 | D:1      | Gained mutation: When hurt, damage is shared between your
                  | health and your magic reserves. [demonic ancestry]
   979 | D:1      | Reached XP level 3. HP: 28/29 MP: 3/3
  1001 | D:1      | Found a faded altar of an unknown god.
  1043 | D:1      | XOM: cloud trail
  1091 | D:1      | XOM: divination: magic mapping
  1099 | D:1      | XOM: silly message
  2040 | D:3      | Noticed an ogre
  2195 | D:3      | XOM: polymorph gnoll -> hobgoblin
  2199 | D:3      | HP: 1/29 [hobgoblin/+0 spear (7)]
  2199 | D:3      | XOM: smoke on damage
  2200 | D:3      | Slain by a gnoll

Illustrated notes

Levels and vault maps discovered:
D:1:      co_arrival_random_square_maze, layout_loops_ring, serial_shops,
          nicolae_shop_behind_doors, chequers_ecumenical_altar_grove,
          corexii_corridor_pit, chequers_serial_rivers_room_b,
          chequers_serial_rivers_micro_b
D:2:      layout_basic
D:3:      layout_basic, grunt_decor_one_mirror, chequers_arboretum

Skill      XL: |  1  2 |
---------------+-------+-----
Long Blades    | 3 |  3.7
Armour         | 2 |  2.1
Dodging        | 1 |  1.0
Fighting       | |  3.4

Action                   || total
-------------------------++-------
Melee: Falchion          ||   114
       Punch             ||     1
Evoke: Piece from Xom's  ||     1
  Use: Scroll            ||     8
Armor: Leather armour    ||    36
Dodge: Dodged            ||    77

Table legend: (Time is in decaauts)
 A = Elapsed time spent in this place.
 B = Non-inter-level travel time spent in this place.
 C = Inter-level travel time spent in this place.
 D = Time resting spent in this place.
 E = Time spent auto-exploring this place.
 F = Levels seen in this place.
 G = Mean time per level.
                   A        B        C        D        E       F      G
               +--------+--------+--------+--------+--------+-----+--------+
         Total |   2193 |   2165 |     28 |      6 |   1619 |   3 |  731.0 |
       Dungeon |   2193 |   2165 |     28 |      6 |   1619 |   3 |  731.0 |
               +--------+--------+--------+--------+--------+-----+--------+

Top non-repeatable levels by time:
     D:1: 1213 daAuts
     D:2: 771 daAuts
     D:3: 208 daAuts
